 Dungeon Crawl Stone Soup version 0.28-a0-1404-g4df0f3684d (webtiles) character file.

Game seed: 851316838360013209

5737 HallandMoats the Ruffian (level 10, -8/100 HPs)
             Began as a Troll Monk on Jan 5, 2022.
             Was a Priest of the Shining One.
             Mangled by Harold (16 damage)
             ... on level 7 of the Dungeon.
             The game lasted 00:09:19 (6857 turns).

HallandMoats the Ruffian (Troll Monk)               Turns: 6857, Time: 00:09:20

Health: -8/100     AC:  6    Str: 21    XL:     10   Next: 49%
Magic:  14/14      EV: 13    Int:  6    God:    the Shining One [***...]
Gold:   259        SH:  0    Dex: 16    Spells: 9/9 levels left

rFire   . . .      SeeInvis .     - Unarmed
rCold   + . .      Faith    .   (no shield)
rNeg    + . .      Spirit   .   a - +0 robe
rPois   .          Reflect  .   (helmet restricted)
rElec   .          Harm     .   h - +1 cloak
rCorr   .          Rampage  .   (gloves unavailable)
Will    .....                   (boots unavailable)
Stlth   +.........              (no amulet)
HPRegen 1.06/turn               (no ring)
MPRegen 0.14/turn               (no ring)

@: marked, glowing
A: large, unfitting armour, claws 3, regeneration 1, shaggy fur 1, tough skin 1,
horns 1, cold resistance 1, screaming 1
a: Renounce Religion, Divine Shield, Cleansing Flame


You were on level 7 of the Dungeon.
You worshipped the Shining One.
The Shining One was most pleased with you.
You visited 2 branches of the dungeon, and saw 8 of its levels.

You collected 341 gold pieces.
You spent 82 gold pieces at shops.

Inventory:

Missiles
 i - a throwing net (quivered)
Armour
 a - a +0 robe (worn)
 h - a +1 cloak (worn)
Jewellery
 l - an amulet of magic regeneration
 q - an amulet of regeneration
 r - a ring of protection from cold
Wands
 s - a wand of iceblast (7)
Scrolls
 c - 4 scrolls of vulnerability
 d - 5 scrolls of identify
 f - a scroll of enchant armour
 k - a scroll of amnesia {unknown}
 m - a scroll of holy word {unknown}
 n - a scroll of enchant weapon
 t - a scroll of magic mapping
Potions
 b - a potion of curing
 g - a potion of flight


   Skills:
 + Level 6.3 Fighting
 + Level 5.6 Armour
 + Level 6.3 Dodging
 - Level 1.0 Stealth
 + Level 7.6 Unarmed Combat
 * Level 6.7 Invocations


You had 9 spell levels left.
You didn't know any spells.
Your spell library contained the following spells:

 Spells                   Type           Power      Damage    Failure   Level
 Apportation              Tloc           0%         N/A       45%         1
 Magic Dart               Conj           0%         1d3       45%         1
 Call Imp                 Summ           0%         N/A       58%         2
 Mephitic Cloud           Conj/Pois/Air  0%         N/A       83%         3
 Alistair's Intoxication  Tmut/Pois      0%         N/A       100%        5


Dungeon Overview and Level Annotations

Branches:
Dungeon (7/15)             Temple (1/1) D:6

Altars:
Ashenzari
Cheibriados
Dithmenos
Elyvilon
Fedhas
Gozag
Hepliaklqana
Kikubaaqudgha
Makhleb
Nemelex Xobeh
Okawaru
Qazlal
Ru
Sif Muna
Trog
Uskayaw
Vehumet
Wu Jian
Xom
Yredelemnul
Zin
The Shining One
Beogh

Shops:
D:6 ?[

Annotations:
D:7 Harold


Innate Abilities, Weirdness & Mutations

You are too large for most types of armour.
You have claws for hands.
Your natural rate of healing is unusually fast.
You are covered in fur. (AC +1)
You have tough skin. (AC +1)
You have a pair of small horns on your head.
Your flesh is cold resistant. (rC+)
You occasionally shout uncontrollably at your foes.


Message History

Harold hits you with a +0 battleaxe of flaming.
* * * LOW HITPOINT WARNING * * *
Harold burns you.
* * * LOW HITPOINT WARNING * * *
You are confused.
You feel invigorated.
Harold says, "Try to look on the bright side.
Your death will help put my children through school."
Harold closely misses you. Harold fires a harpoon shot at you.
The harpoon shot misses you.
You bump into the stone wall.
A gnoll sergeant comes into view. It is wielding a +0 spear.
You scratch Harold.
Harold is severely wounded.
Harold hits you with a +0 battleaxe of flaming!
* * * LOW HITPOINT WARNING * * *
Harold burns you.
* * * LOW HITPOINT WARNING * * *
You bump into the stone wall.
The gnoll sergeant hits you from afar with a +0 spear.
* * * LOW HITPOINT WARNING * * *
Harold hits you with a +0 battleaxe of flaming!!
The Shining One protects you from harm! Harold burns you!
The Shining One protects you from harm!
You claw Harold!
Harold is almost dead.
The gnoll sergeant closely misses you.
Harold hits you with a +0 battleaxe of flaming.
* * * LOW HITPOINT WARNING * * *
Harold burns you.
* * * LOW HITPOINT WARNING * * *
You closely miss Harold.
Harold is almost dead.
You feel less invigorated.
You feel less confused.
The gnoll sergeant hits you from afar with a +0 spear!
* * * LOW HITPOINT WARNING * * *
Harold hits you with a +0 battleaxe of flaming!
You die...

#...#...##..#
##..##)..##..#
#...#.....#..#
#...###...#..#
#.....#...#..# ..
#..#####..#..# .
#..#.)))).#..# .
#.#######(#..# #W
#.....@@..#..# ##o#
#####g#####..# ##..J#
#.#.#)#...#..#
#....u###.#.).##.##..#
#...##...###...#..#
##...#.#.)...#.#..#
##.†....###.#.#..#
#...##.##.#.#.#..#
#...##.##......#..#######


You could see Harold and a gnoll sergeant.

Vanquished Creatures
  A two-headed ogre (D:7)
  Pikel (D:5)
  An ugly thing (D:7)
  A cyclops (D:7)
  A gargoyle (D:7)
  A slime creature (D:7)
  A wraith (D:7)
  Eustachio (D:4)
  4 yaks (D:7)
  A vampire mosquito (D:7)
  A water moccasin (D:6)
  A hornet zombie (D:6)
  2 black bears (D:5)
  3 ogres
  A phantom (D:6)
  2 kobold brigands (D:7)
  A gnoll sergeant (D:7)
  4 bullfrogs
  A scorpion (D:4)
  7 wights
  A howler monkey (D:5)
  4 bullfrog zombies
  A hound (D:4)
  A jelly (D:7)
  2 centaur zombies (D:7)
  A centaur skeleton (D:6)
  3 orc priests (D:4)
  5 iguanas
  Natasha (twice) (D:4)
  4 orc wizards
  A hound skeleton (D:4)
  Robin (D:4)
  6 adders
  4 gnolls (D:7)
  3 white imps
  An ufetubus (D:7)
  A worm (D:2)
  A dart slug (D:4)
  20 orcs
  6 endoplasms
  3 giant cockroaches
  8 hobgoblins
  3 jackals
  10 kobolds
  2 quokkas
  5 ball pythons
  3 bats
  3 frilled lizards
  19 goblins
  A rat (D:3)
161 creatures vanquished.

Notes
Turn   | Place    | Note
-------+----------+-------------------------------------------
     0 | D:1      | HallandMoats the Troll Monk began the quest for the Orb.
     0 | D:1      | Reached XP level 1. HP: 22/22 MP: 0/0
    90 | D:1      | Reached XP level 2. HP: 28/29 MP: 1/1
   688 | D:1      | Found a faded altar of an unknown god.
  1153 | D:2      | Reached XP level 3. HP: 36/36 MP: 2/2
  1282 | D:2      | Reached skill level 1 in Invocations
  1346 | D:2      | Reached skill level 1 in Armour
  1356 | D:2      | You fall into a shaft and drop 2 floors!
  1356 | D:4      | Noticed Eustachio
  1536 | D:3      | Found a basalt altar of Yredelemnul.
  1538 | D:3      | Found a white marble altar of Elyvilon.
  1539 | D:3      | Found an opulent altar of Gozag.
  1539 | D:3      | Found a broken altar of Ashenzari.
  1540 | D:3      | Found a blossoming altar of Fedhas.
  1540 | D:3      | Found a glowing silver altar of Zin.
  1541 | D:3      | Found a hide-covered altar of Uskayaw.
  1805 | D:2      | Reached XP level 4. HP: 44/44 MP: 3/3
  2700 | D:4      | HP: 1/44 [Eustachio (3)]
  2703 | D:4      | Killed Eustachio
  2704 | D:4      | Reached skill level 4 in Unarmed Combat
  2704 | D:4      | Reached XP level 5. HP: 5/53 MP: 5/5
  3091 | D:4      | Reached XP level 6. HP: 36/61 MP: 6/6
  3298 | D:4      | Noticed Robin
  3330 | D:4      | Killed Robin
  3449 | D:4      | Noticed Natasha
  3458 | D:4      | Killed Natasha
  3528 | D:4      | HP: 1/61 [orc priest/divine providence (12)]
  3530 | D:4      | Reached XP level 7. HP: 2/67 MP: 6/8
  4058 | D:4      | Noticed Natasha
  4065 | D:4      | Killed Natasha
  4088 | D:5      | Entered Level 5 of the Dungeon
  4163 | D:5      | Found a glowing golden altar of the Shining One.
  4187 | D:5      | Became a worshipper of the Shining One
  4187 | D:5      | Reached * piety under the Shining One
  4187 | D:5      | Reached ** piety under the Shining One
  4271 | D:5      | Reached skill level 5 in Unarmed Combat
  4332 | D:5      | Reached XP level 8. HP: 78/78 MP: 9/9
  4428 | D:5      | Noticed Pikel
  4440 | D:5      | Killed Pikel
  4692 | D:6      | Found Lotamoda's Antique Armour Shop.
  4805 | D:6      | Reached skill level 6 in Unarmed Combat
  4870 | D:6      | Reached skill level 5 in Dodging
  4870 | D:6      | Reached XP level 9. HP: 63/87 MP: 11/11
  4925 | D:6      | Reached skill level 5 in Fighting
  5197 | D:6      | Found Tekamec's Magic Scroll Boutique.
  5200 | D:6      | Bought a scroll of magic mapping for 52 gold pieces
  5200 | D:6      | Bought a scroll of identify for 30 gold pieces
  5207 | D:6      | Gained mutation: Your flesh is cold resistant. (rC+)
                  | [potion of mutation]
  5207 | D:6      | Gained mutation: You occasionally shout uncontrollably at
                  | your foes. [potion of mutation]
  5207 | D:6      | Gained mutation: You have a pair of small horns on your
                  | head. [potion of mutation]
  5380 | D:6      | Reached *** piety under the Shining One
  5531 | D:6      | Found a staircase to the Ecumenical Temple.
  5613 | Temple   | Entered the Ecumenical Temple
  5866 | D:7      | Reached skill level 5 in Invocations
  6016 | D:7      | HP: 3/88 [yak (6)]
  6189 | D:7      | Reached skill level 5 in Armour
  6473 | D:7      | Reached skill level 7 in Unarmed Combat
  6530 | D:7      | Noticed a two-headed ogre
  6539 | D:7      | HP: 4/89 [two-headed ogre (18)]
  6542 | D:7      | Killed a two-headed ogre
  6543 | D:7      | Reached XP level 10. HP: 6/98 MP: 13/13
  6709 | D:7      | Noticed a white ugly thing
  6730 | D:7      | Killed a white ugly thing
  6743 | D:7      | Noticed a gargoyle
  6749 | D:7      | HP: 4/98 [wraith (6)]
  6773 | D:7      | Killed a gargoyle
  6826 | D:7      | Noticed a cyclops
  6831 | D:7      | Killed a cyclops
  6838 | D:7      | Noticed Harold
  6850 | D:7      | HP: 4/100 [Harold (2)]
  6855 | D:7      | The Shining One protects you from harm!
  6855 | D:7      | The Shining One protects you from harm!
  6857 | D:7      | Mangled by Harold

Illustrated notes

Levels and vault maps discovered:
D:1:      dpeg_arrival_brainrot, layout_basic,
          dilly_ecumenical_altar_fadedgnrine, serial_bayou_pond_a, st_stairs_5
D:2:      layout_basic, kennysheep_generic_room_8
D:3:      layout_loops_corners, grunt_temple_overflow_open, serial_aquarium,
          aquarium_bridge_square [aquarium_subvault_bridge,
          aquarium_subvault_bridge, aquarium_subvault_bridge,
          aquarium_subvault_bridge], aquarium_window_corner,
          aquarium_window_corridor_1, aquarium_view_2b, aquarium_view_2c,
          aquarium_balcony_5a
D:4:      layout_basic, kennysheep_orc_chapel, uniq_natasha, uniq_eustachio,
          uniq_robin
D:5:      layout_rooms, tso_metal_star, uniq_pikel
D:6:      layout_loops_corners, minmay_temple_entry_enclosed_plants,
          serial_shops, shop, nicolae_shop_behind_doors
D:7:      layout_loops_cross, chequers_serial_rivers_marsh, minmay_the_grid_2x2
          [minmay_the_grid_zigzag_pyramid, minmay_the_grid_mess,
          minmay_the_grid_outer_diamond,
          minmay_the_grid_prize_four_corners_diamond_a], uniq_harold
Temple:   eino_narrow_crystal_temple

Skill      XL: |  1  2  3  4  5  6  7  8  9 10 |
---------------+-------------------------------+-----
Invocations    | 1 2 3 4 5 6 |  6.7
Armour         | 1 2 3 4 5 |  5.6
Fighting       | 3 4 5 6 |  6.3
Dodging        | 3 4 5 6 |  6.3
Unarmed Combat | 4 5 6 7 |  7.6
Stealth        | |  1.0

Action                   |  1- 3 |  4- 6 |  7- 9 | 10-12 || total
-------------------------+-------+-------+-------+-------++-------
Melee: Unarmed           |    98 |   126 |   223 |    57 ||   504
       Punch             |       |     4 |    14 |     3 ||    21
       Headbutt          |       |       |    27 |    18 ||    45
  Use: Scroll            |       |       |     6 |     6 ||    12
       Potion            |       |       |     2 |     4 ||     6
 Stab: Sleeping          |     3 |     4 |     1 |       ||     8
Armor: Robe              |    24 |    44 |    35 |     3 ||   106
Dodge: Dodged            |    35 |    58 |   110 |    36 ||   239

Table legend: (Time is in decaauts)
 A = Elapsed time spent in this place.
 B = Non-inter-level travel time spent in this place.
 C = Inter-level travel time spent in this place.
 D = Time resting spent in this place.
 E = Time spent auto-exploring this place.
 F = Levels seen in this place.
 G = Mean time per level.
                   A        B        C        D        E       F      G
               +--------+--------+--------+--------+--------+-----+--------+
         Total |   6855 |   6643 |    212 |    533 |   4817 |   8 |  856.9 |
       Dungeon |   6679 |   6481 |    198 |    533 |   4662 |   7 |  954.1 |
        Temple |    175 |    161 |     14 |      0 |    155 |   1 |  175.0 |
               +--------+--------+--------+--------+--------+-----+--------+

Top non-repeatable levels by time:
     D:4: 1401 daAuts
     D:1: 1059 daAuts
     D:7: 1051 daAuts
     D:6: 1021 daAuts
     D:3: 869 daAuts
     D:2: 745 daAuts
     D:5: 530 daAuts
  Temple: 175 daAuts
